 Dungeon Crawl Stone Soup version 0.31.0-11-ge490571c62 (webtiles) character file.

Game seed: 9119043770128798082

155 Orangeyouglad the Apothecary (level 5, -6/28 HPs)
             Began as a Deep Elf Alchemist on Feb 2, 2024.
             Mangled by a gnoll
             ... wielding a +0 flail
              (8 damage)
             ... on level 3 of the Dungeon.
             The game lasted 00:10:11 (2103 turns).

Orangeyouglad the Apothecary (Deep Elf Alchemist)   Turns: 2103, Time: 00:10:12

Health: -6/28      AC:  2    Str: 13    XL:     5   Next: 14%
Magic:  8/13       EV: 13    Int: 20    God:
Gold:   89         SH:  0    Dex: 15    Spells: 3/12 levels left

rFire   . . .        i - +2 dagger (venom)
rCold   . . .        (no shield)
rNeg    . . .        a - +0 robe
rPois   .            (no helmet)
rElec   .            (no cloak)
rCorr   .            (no gloves)
SInv    .            (no boots)
Will    .....        (no amulet)
Stlth   +++          j - +6 ring of strength
HPRegen 0.24/turn    (no ring)
MPRegen 0.13/turn

%: no passive effects
@: very slightly contaminated
A: no striking features
a: no special abilities


You were on level 3 of the Dungeon.
You visited 1 branch of the dungeon, and saw 4 of its levels.

You collected 128 gold pieces.
You spent 39 gold pieces at shops.

Inventory:

Hand Weapons
 i - a +2 dagger of venom (weapon)
 l - a +0 sling
Armour
 a - a +0 robe (worn)
 h - an orb of light
 s - a +0 buckler
Magical Staves
 d - a staff of death
Jewellery
 j - a +6 ring of strength (left hand)
Scrolls
 g - a scroll of noise
 n - a scroll of blinking {unknown}
 o - a scroll of summoning {unknown}
 p - a scroll of revelation {unknown}
 q - a scroll of teleportation {unknown}
 r - a scroll of poison {unknown}
Potions
 b - a potion of magic
 c - 3 potions of mutation
 e - 4 potions of curing
 f - a potion of berserk rage {unknown}
 m - a potion of invisibility {unknown}


   Skills:
 + Level 3.6 Dodging
 + Level 3.7 Stealth
 + Level 4.1 Spellcasting
 + Level 2.5 Conjurations
 + Level 4.1 Alchemy


You had 3 spell levels left.
You knew the following spells:

 Your Spells              Type           Power      Damage    Failure   Level
a - Sting                 Conj/Alch      68%        1d7       3%          1
b - Mercury Vapours       Alch/Air       24%        N/A       9%          2
c - Mephitic Cloud        Conj/Alch/Air  13%        N/A       16%         3
d - Hailstorm             Conj/Ice       9%         3d6       22%         3

Your spell library contained the following spells:

 Spells                   Type           Power      Damage    Failure   Level
 Fugue of the Fallen      Necr           4%         N/A       36%         3
 Ozocubu's Armour         Ice            4%         N/A       36%         3
 Summon Ice Beast         Ice/Summ       4%         N/A       36%         3
 Olgreb's Toxic Radiance  Alch           20%        N/A       22%         4
 Sticky Flame             Fire/Alch      12%        2d5       47%         4
 Manifold Assault         Tloc           4%         N/A       77%         4
 Sculpt Simulacrum        Ice/Alch       6%         N/A       100%        6


Dungeon Overview and Level Annotations

Branches:
Dungeon (4/15)
 Temple: D:4-7

Altars:

Shops:
D:3 !=


Message History

The sting hits the gnoll.
The gnoll is poisoned.
The gnoll is lightly wounded.
Casting: Sting (safe; 3% risk of failure)
Confirm with . or Enter, or press ? or * to list all spells.
Aiming: Sting (safe; 3% risk of failure)
Press: ? - help, Shift-Dir - straight line, f/p - gnoll
Aim: a gnoll, wielding a +0 flail (poisoned, 77% to hit)
The sting misses the gnoll.
The gnoll hits you with a +0 flail.
Casting: Sting (safe; 3% risk of failure)
Confirm with . or Enter, or press ? or * to list all spells.
Aiming: Sting (safe; 3% risk of failure)
Press: ? - help, Shift-Dir - straight line, f/p - gnoll
Aim: a gnoll, wielding a +0 flail (lightly wounded, poisoned, 77% to hit)
The sting misses the gnoll.
The gnoll hits you with a +0 flail.
Casting: Sting (safe; 3% risk of failure)
Confirm with . or Enter, or press ? or * to list all spells.
Aiming: Sting (safe; 3% risk of failure)
Press: ? - help, Shift-Dir - straight line, f/p - gnoll
Aim: a gnoll, wielding a +0 flail (lightly wounded, poisoned, 77% to hit)
You miscast Sting.
You are very lightly contaminated with residual magic.
Nothing appears to happen.
The gnoll hits you with a +0 flail!
Casting: Sting (safe; 3% risk of failure)
Confirm with . or Enter, or press ? or * to list all spells.
Aiming: Sting (safe; 3% risk of failure)
Press: ? - help, Shift-Dir - straight line, f/p - gnoll
Aim: a gnoll, wielding a +0 flail (moderately wounded, poisoned, 77% to hit)
The sting hits the gnoll.
The gnoll looks even sicker.
The gnoll is heavily wounded.
The gnoll hits you with a +0 flail!
* * * LOW HITPOINT WARNING * * *
You aren't carrying any items that you can evoke.
Unknown command.
You hit the gnoll but do no damage.
The gnoll is heavily wounded.
The gnoll misses you.
You hit the gnoll.
The gnoll looks as sick as possible!
The gnoll is severely wounded.
The gnoll hits you with a +0 flail!
You die...

.
+.........'...†.........
#
#....(....####....###.##
#........## #........#
...#.....## #........#
######...## #........#
##+## #.#......#
#.......## #.∩.#####
#@.).# #g##.# #[. .#
##...# ##.# .# #


You could see a gnoll (extremely poisoned).

Vanquished Creatures
  5 gnolls
  5 adders
  A ribbon worm (D:3)
  8 endoplasms
  3 giant cockroaches
  4 hobgoblins
  4 kobolds
  2 quokkas (D:1)
  9 ball pythons
  4 bats
  3 frilled lizards
  6 goblins
  5 rats
59 creatures vanquished.

Notes
Turn   | Place    | Note
-------+----------+-------------------------------------------
     0 | D:1      | Orangeyouglad the Deep Elf Alchemist began the quest for
                  | the Orb.
     0 | D:1      | Reached XP level 1. HP: 10/10 MP: 6/6
   206 | D:1      | Reached XP level 2. HP: 15/15 MP: 2/8
   552 | D:1      | Reached XP level 3. HP: 16/19 MP: 3/9
  1084 | D:2      | Learned a level 2 spell: Mercury Vapours
  1088 | D:2      | Learned a level 3 spell: Mephitic Cloud
  1182 | D:2      | Reached XP level 4. HP: 16/24 MP: 5/11
  1581 | D:3      | Found Xenwiru's Jewellery Emporium.
  1589 | D:3      | Learned a level 3 spell: Hailstorm
  1865 | D:3      | Found Inomiora's Distillery.
  1983 | D:4      | Reached XP level 5. HP: 23/28 MP: 8/13
  2078 | D:3      | Bought a potion of curing for 39 gold pieces
  2101 | D:3      | HP: 1/28 [gnoll/+0 flail (11)]
  2103 | D:3      | Mangled by a gnoll

Illustrated notes

Levels and vault maps discovered:
D:1:      co_arrival_square_in_a_square_in_a_square, layout_basic
D:2:      minmay_evil_eye, layout_basic, nrook_campfire
D:3:      layout_loops_corners, serial_shops, nicolae_shop_stone, shop, shop,
          shop, kennysheep_path_1
D:4:      layout_loops_ring, nicolae_qazlal_general_emergency,
          minmay_temple_entry_slanted, serial_shops, shop,
          chequers_decorated_corner

Skill      XL: |  1  2  3  4 |
---------------+-------------+-----
Stealth        | 3 |  3.7
Dodging        | 3 |  3.6
Conjurations   | 2 |  2.5
Alchemy        | 4 |  4.1
Spellcasting   | 4 |  4.1

Action                     |  1- 3 |  4- 6 || total
---------------------------+-------+-------++-------
  Melee: Dagger            |    33 |     2 ||    35
   Fire: Sling             |    19 |    19 ||    38
   Cast: Sting             |    52 |    38 ||    90
         Mercury Vapours   |     3 |     4 ||     7
    Use: Scroll            |       |     2 ||     2
   Stab: Sleeping          |     1 |       ||     1
 Armour: Robe              |    35 |    22 ||    57
  Dodge: Dodged            |    47 |    23 ||    70
